Match 40875257
Unlisted

Match 40875257
End
Kradschützen Motorcycle Team
Selects Panzerjäger Kommand Battlegroup
Selects Mine Fields
Panzergrenadier Squad
Panzergrenadier Squad
Panzergrenadier Squad
Construct Light Support Kompanie
Fire Support Elements
Panzerjäger Mechanized Group
Flakvierling Half-track
Selects GrB 39 Grenade Launcher Requisition
Vehicle Survival Package
Construct Mechanized Kompanie
2.5-tonne Medical Truck
Selects Crew Shock Tactics
StuG III D Assault Gun
Assault Mechanized Group
Emergency Repair Kits
Selects Anti-tank Overwatch
Construct Panzerarmee Kommand
Walking Stuka Rocket Launcher
Marder III Tank Destroyer
Selects Defensive Positions
Selects Butterfly Bomb Drop
Crew Shock Tactics
*Mule
MasterStef
0
0

Comments sign in to comment!

No comments posted yet!